 Dungeon Crawl Stone Soup version 0.16.1-25-gbcee3f8 (webtiles) character file.

45 sqallbeste the Bolt Thrower (level 3, 0/29 HPs)
             Began as a Centaur Hunter on May 21, 2015.
             Slain by a worm (9 damage)
             ... on level 2 of the Dungeon.
             The game lasted 00:12:10 (1396 turns).

sqallbeste the Bolt Thrower (Centaur Hunter)        Turns: 1396, Time: 00:12:10

Health: 0/29       AC:  4    Str: 14    XL:     3   Next: 42%
Magic:  3/3        EV:  9    Int: 10    God:
Gold:   148        SH:  0    Dex: 10    Spells: 0 memorised, 2 levels left

rFire  . . .     SeeInvis .     b - +1 hand crossbow
rCold  . . .     Clarity  .     d - +0 leather armour
rNeg   . . .     SustAb   .     (no shield)
rPois  .         Gourm    .     (no helmet)
rElec  .         Spirit   .     (no cloak)
rCorr  .         Warding  .     (no gloves)
rMut   .         Stasis   .     (no barding)
MR     .....                    (no amulet)
Stlth  +.........               (no ring)
                                (no ring)

@: very quick, not resistant to hostile enchantments, very unstealthy
A: hooves 3, deformed body, speed 2, tough skin 3
a: no special abilities


You were on level 2 of the Dungeon.
You were not hungry.

You visited 1 branch of the dungeon, and saw 2 of its levels.

You collected 148 gold pieces.

Inventory:

Hand weapons
 a - a +0 short sword
 b - a +1 hand crossbow (weapon)
 e - a +0 dagger
 j - a +0 whip
 l - a +0 short sword of electrocution
 q - a +0 hunting sling
Missiles
 m - 40 stones (quivered)
Armour
 d - a +0 leather armour (worn)
Magical devices
 k - a wand of fireball (6)
Scrolls
 g - a scroll of remove curse {unknown}
 h - a scroll of immolation {unknown}
 p - a scroll of enchant weapon {unknown}
 r - a scroll of identify {unknown}
 s - a scroll of teleportation {unknown}
 t - a scroll of blinking {unknown}
 u - a scroll of recharging {unknown}
Potions
 o - a potion of curing {unknown}
Comestibles
 f - a bread ration
 i - a beef jerky
 n - a slice of pizza


   Skills:
 + Level 2.1 Fighting
 + Level 5.3 Crossbows
 + Level 0.3 Armour
 + Level 1.7 Dodging
 + Level 0.5 Stealth


You had 2 spell levels left.
You didn't know any spells.

Dungeon Overview and Level Annotations

Branches:
Dungeon (2/15)

Altars:


Innate Abilities, Weirdness & Mutations

You have hooves in place of feet.
Armour fits poorly on your strangely shaped body.
You cover ground very quickly.
You have extremely tough skin (AC +3).


Message History

Aim: a worm (almost dead)
You shoot a bolt. The bolt barely misses the worm.
The worm bites you!
* * * LOW HITPOINT WARNING * * *
Firing (i - inventory. (,) - cycle):
c - a bolt (quivered)
Press: ? - help, Shift-Dir - straight line, f/p - worm
Aim: a worm (almost dead)
You shoot a bolt.
The bolt hits the worm but does no damage.
The worm is almost dead.
Throwing (i - inventory):
m - 42 stones (quivered)
Press: ? - help, Shift-Dir - straight line, f/p - worm
Aim: a worm (almost dead)
You throw a stone. The stone hits the worm.
The worm is almost dead.
The worm bites you but does no damage.
Throwing (i - inventory):
m - 41 stones (quivered)
Press: ? - help, Shift-Dir - straight line, f/p - worm
Aim: a worm (almost dead)
You throw a stone. The stone barely misses the worm.
The worm bites you!
You die...

#.#..........# #.
#(#..#.......# #. #
#(#..#####.### #)
##...###()..# #.# #.
............#
#.#######.
###..####(#.#
#.##......
##>.......#
###.##.#####
######w#####.......#
#@# #.'..†....#
#.###.#.......#
#.....#.#.##.##
##....#.#.##.#
#........##.#
#....#......###
#.............#
###.#.#######.#
#.#.# #.#


You could see a worm.

Vanquished Creatures
  An adder (D:2)
  A worm (D:2)
  An ooze (D:1)
  A giant cockroach (D:1)
  3 goblins (D:2)
  3 hobgoblins
  7 kobolds
  6 bats
  A giant gecko (D:2)
  A giant newt (D:2)
  4 jackals (D:1)
  3 rats
32 creatures vanquished.

Notes
Turn   | Place    | Note
--------------------------------------------------------------
     0 | D:1      | sqallbeste, the Centaur Hunter, began the quest for the Orb.
     0 | D:1      | Reached XP level 1. HP: 17/17 MP: 1/1
   213 | D:1      | Reached XP level 2. HP: 24/24 MP: 2/2
   664 | D:2      | Reached skill level 5 in Crossbows
   671 | D:2      | HP: 1/24 [poisoned by an adder]
   784 | D:2      | Reached XP level 3. HP: 24/29 MP: 3/3
  1396 | D:2      | Slain by a worm

Action                   || total
-------------------------++-------
 Fire: Hand crossbow     ||    91
Throw: Stone             ||     2
  Use: Potion            ||     1
  Eat: Royal jelly       ||     1
